 Dungeon Crawl Stone Soup version 0.29.1-12-g30fa7ad0bf (webtiles) character file.

Game seed: 6263315535738037326

2734 soggyman666 the Chopper (level 9, 0/54 HPs)
             Began as a Gargoyle Fighter on Dec 12, 2022.
             Was a Priest of Okawaru.
             Slain by an orc warrior
             ... wielding a +3 short sword of flaming
              (7 damage)
             ... on level 7 of the Dungeon.
             The game lasted 00:29:43 (8055 turns).

soggyman666 the Chopper (Gargoyle Fighter)          Turns: 8055, Time: 00:29:43

Health: 0/54       AC: 24    Str: 31    XL:     9   Next: 67%
Magic:  12/12      EV:  8    Int:  8    God:    Okawaru [***...]
Gold:   299        SH: 13    Dex:  9    Spells: 8/8 levels left

rFire   + . .      SeeInvis +   b - +0 hammer
rCold   . . .      Faith    .   y - +0 tower shield
rNeg    + + .      Spirit   .   i - +4 ring mail of Privacy {rF+ rN+}
rPois   ∞          Reflect  .   A - +1 helmet
rElec   +          Harm     .   n - +0 cloak
rCorr   .          Rampage  .   (no gloves)
Will    .....                   (no boots)
Stlth   +.........              (no amulet)
HPRegen 0.18/turn               c - ring of Awe {Str+6 SInv}
MPRegen 0.13/turn               h - +4 ring of protection

@: mighty
A: sickness immunity, AC +6, negative energy resistance 1, electricity
resistance, torment resistance 1, petrification resistance
a: Renounce Religion, Heroism


You were on level 7 of the Dungeon.
You worshipped Okawaru.
Okawaru was most pleased with you.
You visited 1 branch of the dungeon, and saw 8 of its levels.
You also visited: Ossuary.

You collected 299 gold pieces.

Inventory:

Hand Weapons
 a - a +0 war axe
 b - a +0 hammer (weapon)
Missiles
 r - 9 boomerangs
 w - 3 curare-tipped darts
 x - 21 stones (quivered)
 C - 11 poisoned darts
Armour
 i - the +4 ring mail of Privacy (worn) {rF+ rN+}
   (You found it on level 3 of the Dungeon)

   rF:        It protects you from fire.
   rN:        It protects you from negative energy.
 n - a +0 cloak (worn)
 y - a +0 tower shield (worn)
 A - a +1 helmet (worn)
 B - a +0 plate armour
Jewellery
 c - the ring of Awe (left hand) {Str+6 SInv}
   (You acquired it on level 5 of the Dungeon)

   [ring of strength]

   Str:       It affects your strength (+6).
   SInv:      It lets you see invisible.
 h - a +4 ring of protection (right hand)
 o - a ring of resist corrosion
 s - a ring of flight
 D - a ring of fire
Scrolls
 e - 2 scrolls of teleportation
 l - a scroll of magic mapping
Potions
 d - 3 potions of might
 f - 2 potions of invisibility
 g - a potion of mutation {unknown}
 j - 2 potions of magic {unknown}
 k - 2 potions of berserk rage
 m - 2 potions of attraction {unknown}
 p - a potion of lignification {unknown}
 q - 2 potions of haste
 t - 3 potions of curing {unknown}
 u - a potion of heal wounds {unknown}
 v - 2 potions of flight {unknown}
 z - 3 potions of resistance {unknown}


   Skills:
 + Level 5.6 Fighting
 + Level 6.9 Axes
 + Level 0.2(4.6) Maces & Flails
 * Level 4.3 Throwing
 + Level 5.5 Armour
 + Level 2.5 Dodging
 + Level 1.4 Stealth
 + Level 6.1 Shields
 * Level 4.4 Invocations


You had 8 spell levels left.
You didn't know any spells.
Your spell library contained the following spells:

 Spells                   Type           Power      Damage    Failure   Level
 Necrotise                Necr           0%         1d4       99%         1
 Sandblast                Erth           0%         2d4       99%         1
 Blink                    Tloc           0%         N/A       100%        2
 Passwall                 Tmut/Erth      0%         N/A       100%        2
 Static Discharge         Conj/Air       0%         3-3/arc   100%        2
 Conjure Flame            Conj/Fire      0%         6-21      100%        3
 Ignite Poison            Fire/Tmut/Pois 0%         N/A       100%        3
 Stone Arrow              Conj/Erth      0%         3d7       100%        3
 Dispel Undead            Necr           0%         3d6       100%        4
 Sticky Flame             Conj/Fire      0%         2d3       100%        4
 Agony                    Necr           0%         N/A       100%        5
 Borgnjor's Vile Clutch   Necr/Erth      0%         N/A       100%        5
 Manifold Assault         Tloc           0%         N/A       100%        5
 Storm Form               Tmut/Air       0%         N/A       100%        7
 Borgnjor's Revivificati  Necr           0%         N/A       100%        8
 Summon Small Mammal      Summ           Unusable   N/A       N/A         1
 Call Canine Familiar     Summ           Unusable   N/A       N/A         3
 Summon Guardian Golem    Hex/Summ       Unusable   N/A       N/A         3

Dungeon Overview and Level Annotations

Branches:
Dungeon (8/15)             Temple (0/1) D:7         Ossuary (visited)
   Lair: D:8-11

Altars:
Cheibriados
Dithmenos
Okawaru
Trog
Uskayaw
Xom


Innate Abilities, Weirdness & Mutations

You are immune to sickness and miasma.
Your stone body is resilient. (AC +6)
You are immune to poison.
You resist negative energy. (rN+)
You are resistant to electric shocks. (rElec)
You are resistant to unholy torment.
You are immune to petrification.


Message History

The orc warrior burns you.
* * * LOW HITPOINT WARNING * * *
The orc warrior hits you but does no damage.
Okay, then.
The orc warrior attacks as you move away!
The orc warrior closely misses you.
The orc warrior attacks as you move away!
You block the orc warrior's attack.
The orc warrior attacks as you move away!
The orc warrior hits you but does no damage.
The orc warrior attacks as you move away!
The orc warrior hits you but does no damage.
The orc warrior attacks as you move away!
You block the orc warrior's attack.
The orc warrior attacks as you move away!
The orc warrior hits you but does no damage.
The orc warrior attacks as you move away!
The orc warrior hits you but does no damage.
The orc warrior attacks as you move away!
You block the orc warrior's attack.
The orc warrior attacks as you move away!
The orc warrior hits you with a +3 short sword of flaming.
* * * LOW HITPOINT WARNING * * *
The orc warrior attacks as you move away!
The orc warrior hits you but does no damage.
Things that are here:
a +0 leather armour; a +0 flail The orc warrior attacks as you move away!
You block the orc warrior's attack.
Things that are here:
a +0 scale mail; a +0 hand axe The orc warrior attacks as you move away!
You block the orc warrior's attack.
Things that are here:
a +0 leather armour; a +0 flail
Things that are here:
a +0 scale mail; a +0 hand axe The orc warrior attacks as you move away!
The orc warrior hits you with a +3 short sword of flaming!
You die...

.....#####.####.###.#......##
##. .#..............#
#.....#.## ##
#.#..#####.####.###..#.#### #
.#.#.....#.# #.....####
>.#..#.#.#.######)#..#.#### #
.#.#.#.#.#......#[##....#.##
##
#.#....#.#####....###......##
##. .#...#.#[......o..#
##......# #..
.......#######.#@### ##....##
##. ############.z.#...#
##....###.. #.....#####.#
##....#... #.###...#.z.#
#...###.. #.#
###z#.##########..#... #.#
#...# #.......###... #.#
##### #.#####.# ##.. #.# #.#
#.####.. #.## ####.# #.......


You could see an orc warrior.

Vanquished Creatures
  Maggie (D:6)
  2 steam dragons
  An orc warrior (D:6)
  An ice beast (D:6)
  2 centaurs
  A gnoll sergeant (D:7)
  A kobold brigand (D:6)
  2 bullfrogs
  2 necrophages (D:5)
  2 wights (D:7)
  10 scorpions
  A human zombie (Ossuary)
  3 centaur zombies (Ossuary)
  2 orc priests
  Crazy Yiuf (D:3)
  2 hounds
  2 iguanas (D:5)
  2 orc wizards
  4 scorpion zombies (Ossuary)
  3 mummies (Ossuary)
  5 adders
  7 gnolls
  2 shadow imps
  A white imp (D:7)
  2 ufetubi
  2 worms (D:2)
  2 dart slugs (D:1)
  15 orcs
  9 ball pythons
  6 endoplasms
  2 giant cockroaches (D:1)
  10 goblins
  7 hobgoblins
  15 kobolds
  3 quokkas
  6 bats
  3 frilled lizards (D:1)
  2 hobgoblin zombies (Ossuary)
  A kobold zombie (Ossuary)
  3 orc zombies (Ossuary)
  10 rats
158 creatures vanquished.

Vanquished Creatures (others)
  An orc (D:8)
1 creature vanquished.

Grand Total: 159 creatures vanquished

Notes
Turn   | Place    | Note
-------+----------+-------------------------------------------
     0 | D:1      | soggyman666 the Gargoyle Fighter began the quest for the
                  | Orb.
     0 | D:1      | Reached XP level 1. HP: 14/14 MP: 1/1
    54 | D:1      | Reached XP level 2. HP: 19/19 MP: 2/2
   331 | D:1      | Found a faded altar of an unknown god.
   389 | D:1      | Reached XP level 3. HP: 18/23 MP: 3/3
   979 | D:2      | Found a snail-covered altar of Cheibriados.
  1005 | D:2      | Reached XP level 4. HP: 29/29 MP: 4/4
  2024 | D:3      | Found an iron altar of Okawaru.
  2024 | D:3      | Found a bloodstained altar of Trog.
  2030 | D:3      | Identified the +4 ring mail of Privacy {rF+ rN+}
  2045 | D:3      | Became a worshipper of Warmaster Okawaru
  2149 | D:3      | Reached XP level 5. HP: 33/33 MP: 5/5
  2534 | D:3      | Found a runed translucent door.
  2671 | D:3      | Noticed Crazy Yiuf
  2676 | D:3      | Killed Crazy Yiuf
  2677 | D:3      | Reached skill level 1 in Dodging
  2866 | D:4      | Found a shadowy altar of Dithmenos.
  2933 | D:4      | Found a sand-covered staircase.
  2938 | Ossuary  | Entered an ossuary
  2958 | Ossuary  | Reached XP level 6. HP: 32/38 MP: 6/6
  3032 | Ossuary  | Reached * piety under Okawaru
  3240 | Ossuary  | Reached XP level 7. HP: 44/44 MP: 7/7
  3266 | Ossuary  | Reached skill level 5 in Shields
  3524 | Ossuary  | Reached skill level 1 in Throwing
  3658 | Ossuary  | Reached ** piety under Okawaru
  3663 | Ossuary  | Reached skill level 1 in Invocations
  3685 | Ossuary  | Reached skill level 5 in Axes
  3806 | Ossuary  | Reached XP level 8. HP: 48/48 MP: 9/9
  4193 | D:4      | Found a snail-covered altar of Cheibriados.
  4229 | D:4      | Found a shimmering altar of Xom.
  4468 | D:4      | Found a hide-covered altar of Uskayaw.
  4645 | D:5      | Entered Level 5 of the Dungeon
  4779 | D:5      | Identified a scroll of acquirement
  4780 | D:5      | Acquired the ring of Awe {Str+6 SInv}
  5103 | D:5      | Reached skill level 5 in Fighting
  5678 | D:5      | Reached *** piety under Okawaru
  6177 | D:6      | Noticed Maggie
  6187 | D:6      | Killed Maggie
  6188 | D:6      | Reached skill level 5 in Armour
  6188 | D:6      | Reached XP level 9. HP: 54/54 MP: 11/11
  6274 | D:6      | Reached skill level 1 in Stealth
  7472 | D:7      | Got Civelik's Secrets of Evil
  7697 | D:7      | Found a staircase to the Ecumenical Temple.
  8055 | D:7      | Slain by an orc warrior

Illustrated notes

Levels and vault maps discovered:
D:1:      heliophobic_arrival_ceremonial_halls, layout_rooms,
          chequers_ecumenical_altar_simple,
          nicolae_concentric_dashed_squares_mild
D:2:      layout_loops_ring, basic_altar, serial_park_tiny_2,
          reono_crystal_passage
D:3:      layout_rooms, grunt_temple_overflow_bloody_war,
          corexii_leaking_fountain, kennysheep_cross_room, chequers_avenue,
          uniq_crazy_yiuf_cottage
D:4:      layout_loops_ring, nicolae_uskayaw_suspiria,
          grunt_dithmenos_smoke_and_mirrors, mainiacjoe_overflow_divided_tiny,
          enter_ossuary_5
D:5:      layout_basic, st_stairs_10
D:6:      layout_basic, uniq_maggie
D:7:      layout_loops_ring, minmay_temple_entry_grid, minmay_misc_feat_tiny,
          nicolae_figureground_sparkle
D:8:      layout_cave_pools, elyvilon_altar_3, led_sif_pool

Skill      XL: |  1  2  3  4  5  6  7  8  9 |
---------------+----------------------------+-----
Axes           | 2 3 4 5 6 |  6.9
Shields        | 4 5 6 |  6.1
Armour         | 4 5 |  5.5
Fighting       | 4 5 |  5.6
Dodging        | 1 2 |  2.5
Throwing       | 1 3 4 |  4.3
Invocations    | 1 3 4 |  4.4
Stealth        | 1 |  1.4
Maces & Flails | |  0.2

Action                   |  1- 3 |  4- 6 |  7- 9 || total
-------------------------+-------+-------+-------++-------
Melee: War axe           |    91 |   159 |   235 ||   485
       Mace              |       |       |    20 ||    20
Throw: Stone             |       |    15 |    12 ||    27
       Boomerang         |       |       |    43 ||    43
       Dart              |       |       |    10 ||    10
  Use: Scroll            |     2 |     4 |     8 ||    14
       Potion            |       |       |     1 ||     1
Armor: Scale mail        |    49 |    19 |       ||    68
       Chain mail        |       |    20 |       ||    20
       Ring mail         |       |    40 |   224 ||   264
Dodge: Dodged            |    42 |    87 |   126 ||   255
Block: Buckler           |    26 |    43 |    25 ||    94
       Tower shield      |       |       |   159 ||   159
